 Dungeon Crawl Stone Soup version 0.30-a0-292-g0f741e3f8e (webtiles) character file.

Game seed: 2095091481923319218

29801 Flugkiller the Nimble (level 13, -4/107 HPs)
             Began as a Demonspawn Gladiator on Oct 17, 2022.
             Was an Initiate of Gozag.
             Slain by a six-headed hydra (13 damage)
             ... on level 3 of the Lair of Beasts.
             The game lasted 00:24:20 (16574 turns).

Flugkiller the Nimble (Demonspawn Gladiator)       Turns: 16574, Time: 00:24:21

Health: -4/107     AC:  6    Str: 21    XL:     13   Next: 17%
Magic:  0/13       EV: 22    Int: 13    God:    Gozag
Gold:   1117       SH:  0    Dex: 25    Spells: 12/12 levels left

rFire   + + .      SeeInvis .    T - +4 short sword
rCold   + + .      Faith    .    (no shield)
rNeg    . . .      Spirit   +    b - +0 leather armour
rPois   .          Reflect  .    F - +2 hood of the Assassin {Detection Stab+ Stlth++}
rElec   .          Harm     .    (no cloak)
rCorr   .          Rampage  .    (no gloves)
Will    .....                    c - +0 pair of boots
Stlth   +++++.....               L - amulet of regeneration
HPRegen 1.17/turn                l - +6 ring of dexterity
MPRegen 0.26/turn                P - ring of the Pharaoh's Fist {rF++ rC++ Str+6 Int+3}

@: gold aura
A: claws 1, horns 2, foul stench 1, magic shield, magic regeneration, magic
link, weakness stinger 1
a: Renounce Religion, Potion Petition, Call Merchant, Bribe Branch


You were on level 3 of the Lair of Beasts.
You worshipped Gozag.
Gozag was most pleased with you.
You visited 3 branches of the dungeon, and saw 16 of its levels.
You also visited: Sewer and Bailey.

You collected 2439 gold pieces.
You spent 507 gold pieces at shops.
You paid 815 gold pieces to Gozag.

Inventory:

Hand Weapons
 a - a +1 rapier
 T - a +4 short sword (weapon)
   (You found it on level 4 of the Lair of Beasts)
Missiles
 e - a javelin
 h - 6 curare-tipped darts (quivered)
 I - 4 throwing nets
Armour
 b - a +0 leather armour (worn)
 c - a +0 pair of boots (worn)
   (You found it on level 4 of the Dungeon)
 F - the +2 hood of the Assassin (worn) {Detection Stab+ Stlth++}
   (You found it in a bailey)

   It allows the wearer to sense nearby creatures.
   It allows the wearer to make particularly effective stabbing attacks against
   helpless or unaware enemies with any weapon.
   Stlth:     It makes you much more stealthy.
Jewellery
 f - a ring of protection from fire
   (You found it on level 3 of the Lair of Beasts)
 i - a ring of see invisible
   (You found it on level 3 of the Dungeon)
 l - a +6 ring of dexterity (left claw)
   (You found it on level 1 of the Dungeon)
 o - a ring of poison resistance
   (You found it on level 7 of the Dungeon)
 p - a ring of protection from cold
   (You took it off a hobgoblin on level 5 of the Dungeon)
 v - a +4 ring of evasion
   (You took it off a goblin on level 3 of the Dungeon)
 L - an amulet of regeneration (around neck)
   (You found it on level 7 of the Dungeon)
 N - a ring of resist corrosion
   (You found it on level 8 of the Dungeon)
 P - the ring of the Pharaoh's Fist (right claw) {rF++ rC++ Str+6 Int+3}
   (You found it in a bailey)

   [ring of strength]

   Str:       It affects your strength (+6).
   Int:       It affects your intelligence (+3).
   rF:        It greatly protects you from fire.
   rC:        It greatly protects you from cold.
Wands
 y - a wand of quicksilver (1)
   (You found it on level 3 of the Dungeon)
 G - a wand of polymorph (14)
   (You found it on level 7 of the Dungeon)
 K - a wand of mindburst (4)
   (You found it on level 8 of the Dungeon)
 R - a wand of digging (4)
   (You found it on level 10 of the Dungeon)
 U - a wand of iceblast (5)
   (You found it on level 11 of the Dungeon)
Scrolls
 j - 2 scrolls of vulnerability
 m - 2 scrolls of immolation
 r - 2 scrolls of identify
 s - 2 scrolls of summoning
 t - 4 scrolls of teleportation
 z - 5 scrolls of blinking
 D - a scroll of butterflies
 E - a scroll of fear
 J - a scroll of poison
 S - 2 scrolls of enchant weapon
 V - a scroll of magic mapping
Potions
 d - 2 potions of might
 g - 3 potions of brilliance
 k - 2 potions of attraction
 n - 2 potions of magic
 q - 2 potions of curing
 u - 3 potions of flight {unknown}
 w - a potion of heal wounds
 x - 3 potions of mutation
 A - 3 potions of lignification
 B - a potion of berserk rage {unknown}
 C - a potion of cancellation {unknown}
 H - 2 potions of ambrosia
 M - a potion of resistance {unknown}
 Q - a potion of degeneration {unknown}
Miscellaneous
 O - a phial of floods (inert)
   (You found it on level 2 of the Lair of Beasts)


   Skills:
 + Level 11.6 Fighting
 - Level 10.3 Short Blades
 - Level 1.7 Throwing
 - Level 12.0 Dodging
 - Level 4.0 Stealth
 - Level 10.0 Evocations


You had 12 spell levels left.
You didn't know any spells.
Your spell library contained the following spells:

 Spells                   Type           Power      Damage    Failure   Level
 Magic Dart               Conj           0%         1d3       34%         1
 Call Imp                 Summ           0%         N/A       47%         2
 Ensorcelled Hibernation  Hex/Ice        0%         N/A       47%         2
 Passwall                 Tmut/Erth      0%         N/A       47%         2
 Mephitic Cloud           Conj/Pois/Air  0%         N/A       71%         3
 Swiftness                Air            0%         N/A       71%         3
 Cause Fear               Hex            0%         N/A       98%         4
 Dragon Form              Tmut           0%         N/A       100%        7
 Dragon's Call            Summ           0%         N/A       100%        9


Dungeon Overview and Level Annotations

Branches:
Dungeon (11/15) Zot: 25511  Temple (1/1) D:6 Zot: 5847    Lair (4/5) D:8 Zot: 20725
 Shoals (0/4) Lair:3        Snake (0/4) Lair:3        Sewer (visited)
 Bailey (visited)
  Slime: Lair:4-5       Orc: D:9-12

Altars:
Ashenzari
Cheibriados
Dithmenos
Fedhas
Gozag
Hepliaklqana
Kikubaaqudgha
Makhleb
Nemelex Xobeh
Okawaru
Qazlal
Ru
Sif Muna
Trog
Uskayaw
Vehumet
Xom
Yredelemnul

Shops:
Lair:2 *

Portals:
Trove: D:11 (give 7 scrolls of butterflies)

Annotations:
D:4 2 runed translucent doors
D:10 2 transporters, Tenar's ghost, journeyman OpEE


Innate Abilities, Weirdness & Mutations

You have sharp fingernails.
You have a pair of horns on your head.
You may rarely emit foul miasma when damaged in melee.
When hurt, damage is shared between your health and your magic reserves.
You regenerate magic rapidly.
When low on magic, you restore magic in place of health.
You have a small tail.


Message History

Kirke is nearby!
Kirke shouts!
The hog squeals angrily. x2; You hear a roar!
You hit Kirke.
Kirke is lightly wounded.
Kirke hits you!
You hit Kirke. You headbutt Kirke.
Kirke is lightly wounded.
You closely miss Kirke. You headbutt Kirke.
Kirke is lightly wounded.
A six-headed hydra comes into view.
Kirke misses you.
You puncture Kirke! You headbutt Kirke!
Your tail-slap misses Kirke.
Kirke is moderately wounded.
You completely miss Kirke. You headbutt Kirke.
Kirke is moderately wounded.
Kirke gestures wildly while chanting.
Kirke summons a lindwurm!
You barely miss Kirke.
Kirke is moderately wounded.
You closely miss Kirke.
Kirke is moderately wounded.
Kirke hits you but does no damage.
You puncture Kirke! Your headbutt misses Kirke.
Kirke is heavily wounded.
The hog misses you.
You closely miss Kirke. You headbutt Kirke!
Kirke is heavily wounded.
Kirke casts a spell at you.
You struggle to resist.
The hog misses you. The lindwurm closely misses you.
The lindwurm completely misses you. The lindwurm misses you.
Aiming: Quicksilver Bolt
Press: ? - help, Shift-Dir - straight line, f - six-headed hydra
Aim: a six-headed hydra (92% to hit)
The bolt of dispelling energy hits Kirke!!
Kirke is severely wounded.
The bolt of dispelling energy hits the hog!!
You kill the hog!
The bolt of dispelling energy hits the six-headed hydra!!
The six-headed hydra is moderately wounded.
The hog closely misses you. Kirke gestures at you while chanting.
You struggle to resist.
The lindwurm bites you! The lindwurm completely misses you.
The lindwurm closely misses you.
You closely miss Kirke. You headbutt Kirke!
Your tail-slap misses Kirke.
Kirke is almost dead.
The hog closely misses you.
You puncture Kirke!
Kirke is almost dead.
Kirke casts a spell at you.
You turn into a filthy swine.
Your +4 short sword melds into your body.
The +2 hood of the Assassin {Detection Stab+ Stlth++} melds into your body.
Your +0 pair of boots melds into your body.
Your +0 leather armour melds into your body.
Your +6 ring of dexterity melds into your body.
The ring of the Pharaoh's Fist {rF++ rC++ Str+6 Int+3} melds into your body.
You feel clumsy.
You feel weaker. The lindwurm breathes flames at you.
The blast of flame hits you!!
You bite Kirke!
You kill Kirke!
The lindwurm disappears in a puff of smoke!
No longer under Kirke's spell, the hog returns to its human form!
You feel less porcine.
Your +4 short sword unmelds from your body.
The +2 hood of the Assassin {Detection Stab+ Stlth++} unmelds from your body.
Your +0 pair of boots unmelds from your body.
Your +0 leather armour unmelds from your body.
Your +6 ring of dexterity unmelds from your body.
The ring of the Pharaoh's Fist {rF++ rC++ Str+6 Int+3} unmelds from your body.
You feel agile.
You feel stronger.
The six-headed hydra attacks as you move away!
The six-headed hydra closely misses you.
The six-headed hydra bites you. The six-headed hydra bites you!
The six-headed hydra bites you.
The six-headed hydra completely misses you. x2
As you read the scroll of fear, it crumbles to dust.
You assume a fearsome visage.
The human looks frightened!
The human shouts!
The six-headed hydra resists with almost no effort.
The six-headed hydra bites you!
* * * LOW HITPOINT WARNING * * *
The six-headed hydra barely misses you. The six-headed hydra misses you.
The six-headed hydra barely misses you. The six-headed hydra bites you.
* * * LOW HITPOINT WARNING * * *
The six-headed hydra misses you.
There is a stone staircase leading down here.
As you read the scroll of fear, it crumbles to dust.
You assume a fearsome visage.
The six-headed hydra resists with almost no effort.
The six-headed hydra bites you!
* * * LOW HITPOINT WARNING * * *
The six-headed hydra bites you.
* * * LOW HITPOINT WARNING * * *
The six-headed hydra misses you. The six-headed hydra bites you!
* * * LOW HITPOINT WARNING * * *
The six-headed hydra barely misses you. The six-headed hydra bites you!
You die...
Your body crumbles into a pile of gold.

#..........~~......##
####...##........##.#
##.....# #.#.###..####
...<..#.## ####P..#.P##
......##.# #.........##
.........#####........P#
~~.........##.........##
#.....###...##........#
......# #......@.....#
~...... ##.P...D..<...#
~~....## ####.........#
~..#.## #..$......##
~....# ##.$..#...#
#.....p### ..#...##
##'...## .. ...


You could see a six-headed hydra and a human (fleeing).

Vanquished Creatures
  Gastronok (D:9)
  Kirke (Lair:3)
  A hydra (Lair:2)
  A catoblepas (Lair:2)
  3 two-headed ogres
  Amaemon (D:9)
  Nergalle (Lair:3)
  A deep elf zephyrmancer (Bailey)
  2 orc knights
  A manticore (D:8)
  15 elephants
  Joseph (D:7)
  A black mamba (Lair:4)
  An orange demon (D:9)
  4 cane toads
  A rime drake (Lair:2)
  4 komodo dragons
  A troll (D:11)
  Prince Ribbit (D:9)
  3 blink frogs (Lair:1)
  3 shadows
  A wraith (D:10)
  A vampire (D:11)
  3 hogs
  8 yaks
  3 basilisks
  A steam dragon (D:8)
  4 vampire mosquitoes (D:11)
  Menkaure (D:5)
  2 nagas (Lair:3)
  7 water moccasins
  An acid dragon (D:9)
  2 sky beasts
  A black bear (D:6)
  16 orc warriors
  An ice beast (D:7)
  4 ogres
  10 centaurs
  14 wolves
  5 kobold brigands
  10 bullfrogs
  A necrophage (D:5)
  5 scorpions
  2 gnoll sergeants
  17 wights
  Dowan (D:7)
  6 killer bees (D:9)
  3 howler monkeys (D:11)
  An electric eel (Lair:1)
  5 hounds
  6 orc priests
  2 gnoll boudas
  5 iguanas
  10 orc wizards
  35 gnolls
  7 adders
  A shadow imp (D:7)
  3 white imps
  2 ufetubi
  2 worms
  6 dart slugs
  49 orcs
  11 ball pythons
  4 bats
  4 endoplasms
  6 giant cockroaches (Sewer)
  28 goblins
  32 hobgoblins
  3 jackals (D:1)
  6 quokkas
  12 frilled lizards
  32 kobolds
  4 rats
454 creatures vanquished.

Vanquished Creatures (others)
  12 fungi
  21 plants
33 creatures vanquished.

Grand Total: 487 creatures vanquished

Notes
Turn   | Place    | Note
-------+----------+-------------------------------------------
     0 | D:1      | Flugkiller the Demonspawn Gladiator began the quest for the
                  | Orb.
     0 | D:1      | Reached XP level 1. HP: 16/16 MP: 1/1
   164 | D:1      | Gained mutation: You regenerate magic rapidly. [demonic
                  | ancestry]
   164 | D:1      | Reached XP level 2. HP: 18/22 MP: 2/2
   468 | D:1      | Reached XP level 3. HP: 26/27 MP: 3/3
  1944 | D:3      | Reached XP level 4. HP: 28/33 MP: 4/4
  2100 | D:3      | Reached skill level 5 in Short Blades
  2499 | D:3      | Gained mutation: When hurt, damage is shared between your
                  | health and your magic reserves. [demonic ancestry]
  2499 | D:3      | Reached XP level 5. HP: 33/38 MP: 5/5
  2644 | D:4      | Noticed an ogre
  2683 | D:3      | Reached skill level 3 in Dodging
  2906 | D:4      | Discovered your monstrous ancestry.
  2906 | D:4      | Gained mutation: You have a pair of small horns on your
                  | head. [demonic ancestry]
  2906 | D:4      | Reached XP level 6. HP: 17/47 MP: 6/6
  3189 | D:4      | Found a large runed translucent door.
  3223 | D:4      | Found a large runed translucent door.
  3540 | D:5      | Entered Level 5 of the Dungeon
  3548 | D:5      | Reached skill level 4 in Dodging
  3824 | D:4      | Reached XP level 7. HP: 50/54 MP: 7/7
  3920 | D:5      | Reached skill level 5 in Dodging
  4101 | D:5      | Noticed Menkaure
  4150 | D:5      | Killed Menkaure
  4767 | D:5      | Gained mutation: You have a small tail. [demonic ancestry]
  4767 | D:5      | Reached XP level 8. HP: 52/60 MP: 6/8
  5303 | D:6      | Found a staircase to the Ecumenical Temple.
  5315 | Temple   | Entered the Ecumenical Temple
  5475 | D:6      | Reached skill level 5 in Fighting
  5603 | D:6      | Reached skill level 6 in Dodging
  5631 | D:6      | Found a glowing drain.
  5756 | Sewer    | Entered a sewer
  6762 | D:6      | Reached XP level 9. HP: 34/69 MP: 4/9
  6954 | D:7      | Noticed Dowan
  6965 | D:7      | Noticed Duvessa
  7222 | D:7      | Reached skill level 7 in Dodging
  7494 | D:7      | Duvessa changed into Duvessa the centaur
  7494 | D:7      | Noticed Duvessa
  7503 | D:7      | Killed Duvessa the centaur
  7511 | D:7      | Killed Dowan
  7683 | D:7      | Noticed Joseph
  7883 | D:7      | Killed Joseph
  7884 | D:7      | Reached skill level 8 in Dodging
  8158 | D:7      | Reached skill level 9 in Dodging
  8219 | D:8      | Noticed a two-headed ogre
  8229 | D:8      | Killed a two-headed ogre
  8359 | D:8      | Reached skill level 10 in Dodging
  8390 | D:8      | Gained mutation: You may rarely emit foul miasma when
                  | damaged in melee. [demonic ancestry]
  8390 | D:8      | Reached XP level 10. HP: 73/76 MP: 10/10
  8467 | D:8      | Found a shadowy altar of Dithmenos.
  8471 | D:8      | Noticed a two-headed ogre
  8561 | D:8      | Found a radiant altar of Vehumet.
  8563 | D:8      | Found a snail-covered altar of Cheibriados.
  8566 | D:8      | Found a sacrificial altar of Ru.
  8574 | D:8      | Found a shadowy altar of Dithmenos.
  8575 | D:8      | Found a hide-covered altar of Uskayaw.
  8576 | D:8      | Found a burning altar of Makhleb.
  8583 | D:8      | Found a broken altar of Ashenzari.
  8585 | D:8      | Found a blossoming altar of Fedhas.
  8587 | D:8      | Found an opulent altar of Gozag.
  8590 | D:8      | Found a shimmering altar of Xom.
  8591 | D:8      | Found an iron altar of Okawaru.
  8593 | D:8      | Became a worshipper of Gozag Ym Sagoz the Greedy
  8745 | D:8      | Found a staircase to the Lair.
  8784 | D:8      | Noticed a manticore
  8795 | D:8      | Killed a manticore
  8925 | D:8      | Found a sacrificial altar of Ru.
  9168 | D:8      | Killed a two-headed ogre
  9169 | D:8      | Reached skill level 10 in Short Blades
  9169 | D:8      | Reached skill level 1 in Evocations
  9237 | D:8      | Identified the +6 quarterstaff "Laem" {elec, Str+2 Dex+4}
  9464 | D:9      | Found a flagged portal.
  9491 | Bailey   | Entered a bailey
  9596 | Bailey   | Noticed an orc knight
  9621 | Bailey   | Killed an orc knight
  9622 | Bailey   | Reached skill level 5 in Evocations
  9665 | Bailey   | Found a large runed translucent door.
  9665 | Bailey   | Found a large runed translucent door.
  9771 | Bailey   | Noticed a deep elf zephyrmancer
  9773 | Bailey   | Found the +2 hood of the Assassin {Detection Stab+ Stlth++}
  9864 | Bailey   | Killed a deep elf zephyrmancer
  9882 | Bailey   | Identified the ring of the Pharaoh's Fist {rF++ rC++ Str+6
                  | Int+3}
  9956 | D:9      | Noticed Gastronok
  9977 | D:9      | Killed Gastronok
  9978 | D:9      | Reached skill level 1 in Stealth
  9978 | D:9      | Gained mutation: When low on magic, you restore magic in
                  | place of health. [demonic ancestry]
  9978 | D:9      | Reached XP level 11. HP: 25/82 MP: 3/11
 10044 | D:9      | Noticed Amaemon
 10072 | D:9      | Killed Amaemon
 10355 | D:9      | Noticed Prince Ribbit
 10372 | D:9      | Killed Prince Ribbit
 10939 | D:10     | Entered Level 10 of the Dungeon
 10949 | D:10     | Found a transporter.
 11183 | D:10     | Found a transporter.
 11188 | D:10     | Noticed Tenar's ghost (journeyman OpEE)
 11713 | D:11     | Reached skill level 11 in Dodging
 11928 | D:11     | Noticed a two-headed ogre
 11940 | D:11     | Killed a two-headed ogre
 11949 | D:11     | Noticed an orc knight
 11974 | D:11     | Killed an orc knight
 12076 | D:10     | Reached skill level 12 in Dodging
 12173 | D:11     | Gained mutation: You have sharp fingernails. [demonic
                  | ancestry]
 12173 | D:11     | Reached XP level 12. HP: 58/92 MP: 7/12
 12558 | D:11     | Found a portal to a secret trove of treasure.
 12872 | Lair:1   | Entered Level 1 of the Lair of Beasts
 13275 | Lair:1   | Reached skill level 10 in Fighting
 13842 | Lair:1   | Noticed a seven-headed hydra
 14325 | Lair:2   | Noticed a catoblepas
 14343 | Lair:2   | Killed a catoblepas
 14587 | Lair:2   | Killed a seven-headed hydra
 14704 | Lair:2   | You fall into a shaft and drop 2 floors!
 14793 | Lair:4   | Noticed a seven-headed hydra
 14817 | Lair:3   | Noticed Kirke
 14839 | Lair:4   | Reached skill level 10 in Evocations
 14948 | Lair:3   | Found a staircase to the Shoals.
 15165 | Lair:2   | Found a bloodstained altar of Trog.
 15876 | Lair:3   | Found a staircase to the Snake Pit.
 16234 | Lair:2   | Bought an agate-encrusted chain mail for 332 gold pieces
 16234 | Lair:2   | Identified the +1 chain mail of Disaster {Rampage *Slow
                  | Str+4} (You bought it in a shop on level 2 of the Lair of
                  | Beasts)
 16234 | Lair:2   | Bought a knobbly moonstone ring for 175 gold pieces
 16323 | Lair:3   | Gained mutation: You have a pair of horns on your head.
                  | [demonic ancestry]
 16323 | Lair:3   | Reached XP level 13. HP: 104/104 MP: 13/13
 16448 | Lair:3   | Noticed Nergalle
 16458 | Lair:3   | Killed Nergalle
 16570 | Lair:3   | Killed Kirke
 16574 | Lair:3   | Slain by a six-headed hydra

Illustrated notes

Levels and vault maps discovered:
D:1:      dpeg_arrival_pond, layout_basic
D:2:      layout_loops_corners
D:3:      layout_basic, good_gods_mini_temple, kennysheep_generic_room_14
D:4:      layout_rooms, jmf_multi_god_temple2
D:5:      minmay_goblin_kobold_castle, layout_loops_ring, uniq_menkaure
D:6:      layout_loops_cross, minmay_temple_entry_slanted, portal_sewer_entry_d,
          minmay_diced_spiral
D:7:      layout_basic, serial_aquarium, aquarium_bridge_square
          [aquarium_subvault_bridge, aquarium_subvault_bridge,
          aquarium_subvault_bridge, aquarium_subvault_wall],
          aquarium_bridge_square [aquarium_subvault_window,
          aquarium_subvault_bridge, aquarium_subvault_window,
          aquarium_subvault_wall], aquarium_window_corridor_1,
          aquarium_window_2, aquarium_view_4, aquarium_view_2a, aquarium_pool_1,
          uniq_joseph, uniq_duvessa
D:8:      layout_basic, nicolae_overflow_hallway_of_the_gods, dpeg_oklobed_lair,
          nicolae_wwwww, hangedman_feature_mirror, minmay_fractal_squares_5
D:9:      layout_basic, enter_bailey_3, uniq_gastronok, uniq_prince_ribbit1,
          uniq_amaemon
D:10:     layout_basic, gammafunk_ghost_hive
D:11:     layout_loops_cross, special_room [special_room_orc],
          nicolae_trove_entry_diagonal
Temple:   hellmonk_temple_flake
Lair:1:   layout_roguey, grunt_megastairs_4, serial_bayou_shore_a
Lair:2:   layout_cave_pods, lemuel_centaur_altar
Lair:3:   layout_roguey, elwin_shoals_entry_rocks, guppyfry_snake_entry_island,
          lemuel_old_faithful, lemuel_fruit_tree, uniq_nergalle, uniq_kirke,
          uniq_nessos
Lair:4:   layout_layer_cave, slime_entry_2, infiniplex_staircase_pool,
          serial_bayou_shore_b

Skill      XL: |  1  2  3  4  5  6  7  8  9 10 11 12 13 |
---------------+----------------------------------------+-----
Short Blades   | 3 4 5 7 8 10 | 10.3
Dodging        | 3 4 5 6 10 12 | 12.0
Fighting       | 3 4 5 6 8 10 11 | 11.6
Evocations     | 6 10 | 10.0
Stealth        | 1 4 |  4.0
Throwing       | |  1.7

Action                   |  1- 3 |  4- 6 |  7- 9 | 10-12 | 13-15 || total
-------------------------+-------+-------+-------+-------+-------++-------
Melee: Rapier            |   142 |   181 |   589 |  1053 |       ||  1965
       Punch             |     1 |     2 |     7 |    17 |       ||    27
       Headbutt          |       |     8 |   127 |   381 |    37 ||   553
       Tailslap          |       |       |    58 |   280 |    15 ||   353
       Short sword       |       |       |       |   221 |    82 ||   303
       Unarmed           |       |       |       |    11 |     1 ||    12
Throw: Dart              |       |     3 |    12 |     5 |     1 ||    21
Invok: Call Merchant     |       |       |       |     1 |       ||     1
Evoke: Wand              |       |       |     4 |    21 |     1 ||    26
       Phial of floods   |       |       |       |       |     1 ||     1
  Use: Potion            |       |     1 |     1 |     5 |       ||     7
       Scroll            |       |     7 |     4 |    13 |     2 ||    26
 Stab: Sleeping          |     3 |     1 |       |    18 |       ||    22
       Distracted        |     1 |       |     1 |    11 |       ||    13
Armor: Leather armour    |    38 |    23 |    62 |   118 |     9 ||   250
       Skin              |       |     3 |       |    37 |       ||    40
Dodge: Dodged            |   113 |   117 |   509 |  1177 |    54 ||  1970

Table legend: (Time is in decaauts)
 A = Elapsed time spent in this place.
 B = Non-inter-level travel time spent in this place.
 C = Inter-level travel time spent in this place.
 D = Time resting spent in this place.
 E = Time spent auto-exploring this place.
 F = Levels seen in this place.
 G = Mean time per level.
                   A        B        C        D        E       F      G
               +--------+--------+--------+--------+--------+-----+--------+
         Total |  16195 |  15601 |    594 |   2659 |   8467 |  18 |  899.7 |
       Dungeon |  11763 |  11243 |    520 |   2066 |   6046 |  11 | 1069.4 |
        Temple |    152 |    152 |      0 |      0 |    136 |   1 |  152.0 |
          Lair |   3273 |   3199 |     74 |    510 |   1796 |   4 |  818.2 |
         Sewer |    583 |    583 |      0 |     41 |    328 |   1 |  583.0 |
        Bailey |    422 |    422 |      0 |     42 |    160 |   1 |  422.0 |
               +--------+--------+--------+--------+--------+-----+--------+

Top non-repeatable levels by time:
  Lair:2: 1467 daAuts
     D:6: 1437 daAuts
     D:8: 1297 daAuts
     D:5: 1243 daAuts
  Lair:1: 1171 daAuts
     D:9: 1164 daAuts
     D:7: 1054 daAuts
     D:3: 1052 daAuts
    D:11: 1020 daAuts
     D:4: 997 daAuts
     D:2: 969 daAuts
    D:10: 786 daAuts
     D:1: 739 daAuts
   Sewer: 583 daAuts
  Lair:3: 489 daAuts
